 Dungeon Crawl Stone Soup version 0.26-a0-52-gd53d4cd058 (webtiles) character file.

Game seed: 17949058924787824822

96 Hasart the Skirmisher (level 4, -6/29 HPs)
             Began as a Gargoyle Fighter on June 6, 2020.
             Killed by divine providence
             ... invoked by an orc priest
              (12 damage)
             ... on level 3 of the Dungeon.
             The game lasted 00:01:57 (1035 turns).

Hasart the Skirmisher (Gargoyle Fighter)            Turns: 1035, Time: 00:01:58

Health: -6/29      AC: 10    Str: 21    XL:     4   Next: 67%
Magic:  4/4        EV:  7    Int:  8    God:
Gold:   93         SH:  9    Dex:  9    Spells: 3/3 levels left

rFire    . . .     SeeInvis .   k - +5 flail (holy)
rCold    . . .     Gourm    .   c - +0 kite shield
rNeg     + . .     Faith    .   b - +0 scale mail
rPois    ∞         Spirit   .   (no helmet)
rElec    +         Reflect  .   (no cloak)
rCorr    .         Harm     .   (no gloves)
MR       .....                  (no boots)
Stlth    ..........             (no amulet)
HPRegen  0.09/turn              (no ring)
MPRegen  0.09/turn              (no ring)

@: no status effects
A: negative energy resistance 1, electricity resistance, unbreathing,
petrification resistance, rot immunity, AC +3
a: no special abilities


You were on level 3 of the Dungeon.
You were not hungry.

You visited 1 branch of the dungeon, and saw 3 of its levels.

You collected 93 gold pieces.

Inventory:

Hand Weapons
 k - a +5 flail of holy wrath (weapon)
Armour
 b - a +0 scale mail (worn)
 c - a +0 kite shield (worn)
Scrolls
 h - 2 scrolls of identify {unknown}
 i - a scroll of magic mapping {unknown}
Potions
 a - a potion of invisibility {unknown}
 d - a potion of might
 e - a potion of curing {unknown}
 j - a potion of heal wounds {unknown}
 l - a potion of brilliance {unknown}
Comestibles
 f - 4 rations
 g - 7 chunks of flesh


   Skills:
 + Level 3.9 Fighting
 * Level 3.3 Maces & Flails
 + Level 3.9 Armour
 + Level 3.9 Shields


You had 3 spell levels left.
You didn't know any spells.
Your spell library was empty.

Dungeon Overview and Level Annotations

Branches:
Dungeon (3/15)

Altars:
Uskayaw


Innate Abilities, Weirdness & Mutations

You are resistant to torment.
Your stone body is resilient. (AC +3)
You are immune to poison.
You resist negative energy. (rN+)
You are resistant to electric shocks. (rElec)
You can survive without breathing.
You are immune to petrification.
You are immune to rotting.


Message History

You kill the orc!
You start resting.
An orc comes into view. It is wielding a +0 club.
Some of the chunks of flesh in your inventory have rotted away.
An orc is nearby!
The orc shouts!
Your shield and scale mail prevent you from hitting the orc.
The orc hits you but does no damage.
You closely miss the orc. The orc closely misses you.
An orc wizard comes into view. It is wielding a +0 dagger.
You closely miss the orc.
The orc wizard shouts!
You hear a shout!
You block the orc's attack.
An orc priest comes into view.
The orc hits you with a +0 club.
* * * LOW HITPOINT WARNING * * *
An orc wizard opens the door.
The orc priest invokes the aid of Beogh against you.
Beogh smites you!
You die...

#.#..# .# #.#..#
.## #.##.+ ...#
#....# .?#.#
.#.########..####
####...
................#
#....#
##.#########....#
)#))..#
#.#..##'##....# #
#÷##.@.oo.o...# #
#.########....# #
#.# #....# #
#########.#
##...# #
#......(#.# #..#
# #.#####.#.# .##
# #.#####.#.# .#
##.#.....#.#.#
##.#####.#.#


You could see an orc priest, an orc wizard and an orc.

Vanquished Creatures
  An orc priest (D:3)
  2 adders
  An ooze (D:3)
  2 dart slugs (D:3)
  10 orcs (D:3)
  4 goblins
  3 hobgoblins
  2 ball pythons
  5 bats
  A frilled lizard (D:1)
  4 rats
35 creatures vanquished.

Notes
Turn   | Place    | Note
-------+----------+-------------------------------------------
     0 | D:1      | Hasart the Gargoyle Fighter began the quest for the Orb.
     0 | D:1      | Reached XP level 1. HP: 14/14 MP: 1/1
   206 | D:1      | Reached XP level 2. HP: 17/19 MP: 2/2
   345 | D:1      | You fall into a shaft and drop 1 floor!
   437 | D:2      | Reached XP level 3. HP: 23/23 MP: 3/3
   488 | D:2      | You fall into a shaft and drop 1 floor!
   503 | D:3      | Found a hide-covered altar of Uskayaw.
   951 | D:3      | Reached XP level 4. HP: 24/29 MP: 4/4
  1035 | D:3      | Killed from afar by an orc priest

Illustrated notes

Levels and vault maps discovered:
D:1:      lordsloth_arrival_two_stooges, layout_loops_ring
D:2:      layout_loops_ring, hex_medium
D:3:      layout_basic, led_sif_book, eat_drink_and_be_merry_uskayaw,
          roderic_filled_cross, minmay_goblin_outpost

Skill      XL: |  1  2  3 |
---------------+----------+-----
Maces & Flails | 3 |  3.3
Fighting       | |  3.9
Armour         | |  3.9
Shields        | |  3.9

Action                   |  1- 3 |  4- 6 || total
-------------------------+-------+-------++-------
Melee: Flail             |   115 |    10 ||   125
  Eat: Chunk             |       |     1 ||     1
Armor: Scale mail        |    54 |     4 ||    58
Dodge: Dodged            |    38 |     2 ||    40
Block: Kite shield       |    69 |     5 ||    74

Table legend:
 A = Non-vault XP
 B = Vault XP
 C = Vault XP percentage of total XP
 D = Non-vault monster count
 E = Vault monster count
 F = Vault count percentage of total count
                 A         B        C        D         E       F
            +---------+---------+-------+---------+---------+-------
      Total |     138 |       0 |   0.0 |      35 |       0 |   0.0
            +---------+---------+-------+---------+---------+-------
        D:1 |      16 |       0 |   0.0 |      11 |       0 |   0.0
        D:2 |      18 |       0 |   0.0 |       5 |       0 |   0.0
        D:3 |     104 |       0 |   0.0 |      19 |       0 |   0.0
            +---------+---------+-------+---------+---------+-------
